Stars vs Griffins

Created - Saturday, February 06, 2016 at 02:19

Goals
1 2 3 OT1 SO T
Stars 0 1 0 0 1 1
Griffins 1 0 0 0 2 2
Shots
1 2 3 OT1 SO T
Stars 8 9 8 2 6 27
Griffins 7 7 2 2 6 18

1st period

1. Griffins , Damien Brunner 16 (Matt Taormina, Peter Regin) at 17:18

Penalties :
Steven Delisle (TEX) for Tripping (Minor) at 2:19, Brad Malone (TEX) for Interference (Minor) at 10:18, Justin Shugg (TEX) for Roughing (Minor) at 14:05

2nd period

2. Stars , Paul Thompson 4 (Cameron Gaunce, Miikka Salomaki) at 8:30

Penalties :
Jared Staal (GRG) for Fighting (Major) at 3:01, Steven Delisle (TEX) for Fighting (Major) at 3:01, Dylan Reese (GRG) for Fighting (Major) at 3:24, Zach Sill (TEX) for Fighting (Major) at 3:24, Alexandre Grenier (TEX) for Holding (Minor) at 9:14

3rd period

No Goal

Penalties :
No Penalty

Overtime #1

No Goal

Penalties :
No Penalty

Shootout

Penalty Shot by Rocco Grimaldi for Stars - Stopped by Peter Budaj
Penalty Shot by Damien Brunner for Griffins - Stopped by Pat Nagle
Penalty Shot by Brad Malone for Stars - Stopped by Peter Budaj
Penalty Shot by Peter Regin for Griffins - Stopped by Pat Nagle
Penalty Shot by Zach Sill for Stars - Stopped by Peter Budaj
Penalty Shot by Mark Mancari for Griffins - Stopped by Pat Nagle
Penalty Shot by Zac Dalpe for Stars - Goal!
Penalty Shot by Mike Angelidis for Griffins - Goal!
Penalty Shot by Brandon Kozun for Stars - Stopped by Peter Budaj
Penalty Shot by T.J. Hensick for Griffins - Stopped by Pat Nagle
Penalty Shot by Paul Thompson for Stars - Shot Misses the Net
Penalty Shot by William Nylander for Griffins - Goal!

Penalties :
No Penalty

Goalie Stats

Pat Nagle (TEX), 17 saves from 18 shots - (0.944), OTL, 2-0-3, 65:00 minutes
Peter Budaj (GRG), 26 saves from 27 shots - (0.963), W, 5-8-4, 65:00 minutes

Players Stats for Stars

Player Name              G  A  P  +/- PIM S  H  SB GA TA FO     MP     PP MP  PK MP  
------------------------------------------------------------------------------------
Alexandre Grenier        0  0  0   0  2   0  2  0  1  0  0/0    15:31   0:00   0:00 
Brad Malone              0  0  0   0  2   0  2  0  2  1  0/0    17:55   0:00   3:43 
Brandon Kozun            0  0  0   0  0   6  0  0  5  0  2/8    16:46   0:00   0:00 
Brent Sopel              0  0  0   0  0   2  5  2  0  1  0/0    15:49   0:00   1:29 
Bruno Gervais            0  0  0   0  0   0  5  3  0  1  0/0    27:16   0:00   6:08 
Cameron Gaunce           0  1  1   0  0   1  1  0  0  0  0/0    24:24   0:00   2:21 
Derrick Pouliot          0  0  0   0  0   0  0  1  0  0  0/0    28:37   0:00   4:06 
Jason Williams           0  0  0   0  0   0  0  1  1  2  2/2    10:11   0:00   1:14 
John Albert              0  0  0   0  0   3  1  0  1  1  1/1    18:37   0:00   0:25 
Justin Shugg             0  0  0   0  2   4  4  0  3  0  0/0    17:51   0:00   0:44 
Miikka Salomaki          0  1  1   0  0   2  0  1  3  0  0/1    15:29   0:00   0:25 
Nicholas Rioux           0  0  0   0  0   0  0  0  0  0  0/0     0:00   0:00   0:00 
Nick Jones               0  0  0   0  0   0  1  2  1  0  0/0    14:28   0:00   0:00 
Paul Thompson            1  0  1   0  0   5  2  1  0  1  4/7    18:47   0:00   2:28 
Rocco Grimaldi           0  0  0   0  0   2  1  0  1  2  1/2    10:47   0:00   0:00 
Steven Delisle           0  0  0   0  7   1  3  1  0  1  0/0    19:24   0:00   1:48 
Zac Dalpe                0  0  0   0  0   0  1  0  3  0  0/0    17:55   0:00   2:28 
Zach Sill                0  0  0   0  5   1  2  0  4  1  10/17  22:11   0:00   4:25 

Players Stats for Griffins

Player Name              G  A  P  +/- PIM S  H  SB GA TA FO     MP     PP MP  PK MP  
------------------------------------------------------------------------------------
Adam Payerl              0  0  0  -1  0   0  2  0  0  0  2/7    12:50   0:00   0:00 
Ben Eager                0  0  0   0  0   0  1  0  2  0  0/0     7:11   0:38   0:00 
Corey Trivino            0  0  0   0  0   1  0  1  2  1  6/8    13:17   0:00   0:00 
Damien Brunner           1  0  1   0  0   3  2  0  4  1  1/2    23:38   3:16   0:00 
Dylan Reese              0  0  0   1  5   2  4  1  1  3  0/0    22:43   4:19   0:00 
Jared Staal              0  0  0   0  5   1  2  0  1  2  0/0    12:42   0:00   0:00 
Jay Rosehill             0  0  0   0  0   0  0  0  0  0  0/0     0:52   0:00   0:00 
John McFarland           0  0  0  -1  0   0  1  0  1  1  0/0    17:58   1:04   0:00 
Mark Alt                 0  0  0  -1  0   0  1  1  0  1  0/0    25:41   3:37   0:00 
Mark Mancari             0  0  0   1  0   0  1  1  0  0  0/0    17:06   4:20   0:00 
Matt Taormina            0  1  1   1  0   0  0  1  0  0  0/0    29:02   4:19   0:00 
Mike Angelidis           0  0  0   0  0   6  5  2  2  0  1/1    21:00   3:36   0:00 
Mike Keenan              0  0  0   0  0   0  0  0  0  0  0/0    11:58   0:00   0:00 
Peter Regin              0  1  1   1  0   2  5  0  2  2  3/14   22:47   3:42   0:00 
Scott Valentine          0  0  0   0  0   0  1  2  0  1  0/0    16:23   0:00   0:00 
T.J. Hensick             0  0  0   0  0   0  1  0  0  0  5/6    20:19   3:36   0:00 
Taylor Aronson           0  0  0  -1  0   0  2  3  2  3  0/0    24:12   3:37   0:00 
William Nylander         0  0  0   0  0   3  4  0  1  0  0/0    20:19   3:36   0:00 

3 Stars

1 - Peter Budaj (GRG)
2 - Peter Regin (GRG)
3 - Pat Nagle (TEX)

Power Play

Stars - 0 on 0 Attempt(s) - 0.00%
Griffins - 0 on 4 Attempt(s) - 0.00%

Penalty Kill

Stars - 4 on 4 Attempt(s) - 100.00% - Score 0 goal in Penalty Kill
Griffins - 0 on 0 Attempt(s) - 0.00% - Score 0 goal in Penalty Kill

Team Stat

Stars - Hits : 30 - Faceoff Wins : 20 - Blocked Shots : 12 - Penalty Minutes : 18
Griffins - Hits : 32 - Faceoff Wins : 18 - Blocked Shots : 12 - Penalty Minutes : 10

Official

Referees : Unknown
Linesman : Unknown

Game Notes

Jared Staal beats up Steven Delisle at 3:01 of 2nd period
Zach Sill beats up Dylan Reese at 3:24 of 2nd period

Finance

Level 1 -- Attendance: 1571 (78.55%) -- Ticket Income $54,985
Level 2 -- Attendance: 802 (80.20%) -- Ticket Income $12,030
Total Attendance: 2373 (79.10%)
Total Ticket Income: $67,015
Other Income: $32,837
Total Income: $99,852

Stars

5 vs 5 Forward 
   Center                   Left Wing                Right Wing               Time % Phy DF OF 
 1 Zach Sill                Brad Malone              Zac Dalpe                35     1   2  2  
 2 Brandon Kozun            John Albert              Justin Shugg             30     1   2  2  
 3 Paul Thompson            Alexandre Grenier        Miikka Salomaki          22     1   2  2  
 4 Jason Williams           Rocco Grimaldi           Zach Sill                13     1   2  2  

5 vs 5 Defense 
   Defense                  Defense                                           Time % Phy DF OF 
 1 Derrick Pouliot          Bruno Gervais                                     35     1   2  2  
 2 Cameron Gaunce           Steven Delisle                                    30     1   2  2  
 3 Derrick Pouliot          Nick Jones                                        22     1   2  2  
 4 Brent Sopel              Derrick Pouliot                                   13     1   2  2  

PowerPlay Forward 
   Center                   Left Wing                Right Wing               Time % Phy DF OF 
 1 Zach Sill                Brad Malone              Zac Dalpe                60     1   2  2  
 2 Brandon Kozun            John Albert              Alexandre Grenier        40     1   2  2  

PowerPlay Defense
   Defense                  Defense                                           Time % Phy DF OF 
 1 Derrick Pouliot          Bruno Gervais                                     60     1   2  2  
 2 Steven Delisle           Cameron Gaunce                                    40     1   2  2  

Penalty Kill 4 Players Forward 
   Center                   Wing                     Time % Phy DF OF 
 1 Zach Sill                Brad Malone              60     1   2  2  
 2 Zac Dalpe                Paul Thompson            40     1   2  2  

Penalty Kill 4 Players Defense
   Defense                  Defense                  Time % Phy DF OF 
 1 Derrick Pouliot          Bruno Gervais            60     1   2  2  
 2 Cameron Gaunce           Steven Delisle           40     1   2  2  

Penalty Kill - 3 Players Forward 
   Forward                                           Time % Phy DF OF 
 1 Brad Malone                                       60     1   2  2  
 2 Zach Sill                                         40     1   2  2  

Penalty Kill - 3 Players Defense
   Defense                  Defense                  Time % Phy DF OF 
 1 Derrick Pouliot          Cameron Gaunce           60     1   2  2  
 2 Nick Jones               Bruno Gervais            40     1   2  2  

4 vs 4 Forward 
   Center                   Wing                     Time % Phy DF OF 
 1 Zach Sill                Zac Dalpe                60     1   2  2  
 2 Justin Shugg             Miikka Salomaki          40     1   2  2  

4 vs 4 Defense
   Defense                  Defense                  Time % Phy DF OF 
 1 Bruno Gervais            Derrick Pouliot          60     1   2  2  
 2 Brent Sopel              Nick Jones               40     1   2  2  

Last Minutes Offensive
   Center                   Left Wing                Right Wing               Defense                  Defense                  
   Zach Sill                Brad Malone              Zac Dalpe                Derrick Pouliot          Bruno Gervais            

Last Minutes Defensive
   Center                   Left Wing                Right Wing               Defense                  Defense                  
   Zach Sill                Brad Malone              Zac Dalpe                Derrick Pouliot          Bruno Gervais            

Goaltenders
Starting : Pat Nagle                
Backup : FARM GOALIE21            

Extra Forwards
Normal : Rocco Grimaldi, Brad Malone, Zach Sill - PP : Zac Dalpe, Brandon Kozun - PK : Jason Williams
Extra Defensemen
Normal : Bruno Gervais, Brent Sopel, Derrick Pouliot - PP : Bruno Gervais - PK : Cameron Gaunce, Derrick Pouliot
Penalty Shots
Rocco Grimaldi, Brad Malone, Zach Sill, Zac Dalpe, Brandon Kozun

Griffins

5 vs 5 Forward 
   Center                   Left Wing                Right Wing               Time % Phy DF OF 
 1 Peter Regin              Damien Brunner           Mark Mancari             35     1   2  2  
 2 T.J. Hensick             Mike Angelidis           William Nylander         30     1   2  2  
 3 Adam Payerl              Damien Brunner           John McFarland           22     1   2  2  
 4 Corey Trivino            Peter Regin              Jared Staal              13     1   2  2  

5 vs 5 Defense 
   Defense                  Defense                                           Time % Phy DF OF 
 1 Matt Taormina            Dylan Reese                                       35     1   2  2  
 2 Mark Alt                 Taylor Aronson                                    30     1   2  2  
 3 Matt Taormina            Scott Valentine                                   22     1   2  2  
 4 Mike Keenan              Matt Taormina                                     13     1   2  2  

PowerPlay Forward 
   Center                   Left Wing                Right Wing               Time % Phy DF OF 
 1 Peter Regin              Damien Brunner           Mark Mancari             60     1   2  2  
 2 T.J. Hensick             Mike Angelidis           William Nylander         40     1   2  2  

PowerPlay Defense
   Defense                  Defense                                           Time % Phy DF OF 
 1 Matt Taormina            Dylan Reese                                       60     1   2  2  
 2 Mark Alt                 Taylor Aronson                                    40     1   2  2  

Penalty Kill 4 Players Forward 
   Center                   Wing                     Time % Phy DF OF 
 1 Damien Brunner           Peter Regin              60     1   2  2  
 2 Mark Mancari             Mike Angelidis           40     1   2  2  

Penalty Kill 4 Players Defense
   Defense                  Defense                  Time % Phy DF OF 
 1 Matt Taormina            Dylan Reese              60     1   2  2  
 2 Mark Alt                 Taylor Aronson           40     1   2  2  

Penalty Kill - 3 Players Forward 
   Forward                                           Time % Phy DF OF 
 1 Damien Brunner                                    60     1   2  2  
 2 Peter Regin                                       40     1   2  2  

Penalty Kill - 3 Players Defense
   Defense                  Defense                  Time % Phy DF OF 
 1 Matt Taormina            Dylan Reese              60     1   2  2  
 2 Mark Alt                 Taylor Aronson           40     1   2  2  

4 vs 4 Forward 
   Center                   Wing                     Time % Phy DF OF 
 1 Damien Brunner           Peter Regin              60     1   2  2  
 2 Mark Mancari             Mike Angelidis           40     1   2  2  

4 vs 4 Defense
   Defense                  Defense                  Time % Phy DF OF 
 1 Matt Taormina            Dylan Reese              60     1   2  2  
 2 Mark Alt                 Taylor Aronson           40     1   2  2  

Last Minutes Offensive
   Center                   Left Wing                Right Wing               Defense                  Defense                  
   Peter Regin              Damien Brunner           Mark Mancari             Matt Taormina            Dylan Reese              

Last Minutes Defensive
   Center                   Left Wing                Right Wing               Defense                  Defense                  
   Peter Regin              Damien Brunner           Mark Mancari             Matt Taormina            Dylan Reese              

Goaltenders
Starting : Peter Budaj              
Backup : Anton Forsberg           

Extra Forwards
Normal : Damien Brunner, John McFarland, Jared Staal - PP : Peter Regin, John McFarland - PK : Jared Staal
Extra Defensemen
Normal : Matt Taormina, Scott Valentine, Mike Keenan - PP : Matt Taormina - PK : Scott Valentine, Mike Keenan
Penalty Shots
Damien Brunner, Peter Regin, Mark Mancari, Mike Angelidis, T.J. Hensick

% Time on Ice - Stars

Lines # - Real PCT - Wanted PCT - Time Play
Normal Forward
1 - 24% - 35% - 12:30
2 - 31% - 30% - 16:00
3 - 29% - 22% - 14:53
4 - 17% - 13% - 8:41
Normal Defense
1 - 23% - 35% - 11:59
2 - 40% - 30% - 20:40
3 - 22% - 22% - 11:39
4 - 15% - 13% - 7:46
PP Forward
1 - 0% - 60%
2 - 0% - 40%
PP Defense
1 - 0% - 60%
2 - 0% - 40%
PK Forward
1 - 69% - 60% - 5:28
2 - 31% - 40% - 2:28
PK Defense
1 - 70% - 60% - 5:35
2 - 30% - 40% - 2:21
PK3 Forward
1 - 0% - 60%
2 - 0% - 40%
PK3 Defense
1 - 0% - 60%
2 - 0% - 40%
44 Forward
1 - 97% - 60% - 4:50
2 - 3% - 40% - 0:10
44 Defense
1 - 44% - 60% - 2:11
2 - 56% - 40% - 2:49
Last Minute Offensive  - 0:00
Last Minute Defensive  - 0:00
Total
Forward - 65:00
Defense - 65:00

% Time on Ice - Griffins

Lines # - Real PCT - Wanted PCT - Time Play
Normal Forward
1 - 21% - 35% - 10:52
2 - 32% - 30% - 16:43
3 - 25% - 22% - 12:50
4 - 22% - 13% - 11:39
Normal Defense
1 - 32% - 35% - 16:40
2 - 34% - 30% - 17:56
3 - 18% - 22% - 9:31
4 - 15% - 13% - 7:57
PP Forward
1 - 55% - 60% - 4:20
2 - 45% - 40% - 3:36
PP Defense
1 - 54% - 60% - 4:19
2 - 46% - 40% - 3:37
PK Forward
1 - 0% - 60%
2 - 0% - 40%
PK Defense
1 - 0% - 60%
2 - 0% - 40%
PK3 Forward
1 - 0% - 60%
2 - 0% - 40%
PK3 Defense
1 - 0% - 60%
2 - 0% - 40%
44 Forward
1 - 86% - 60% - 4:19
2 - 14% - 40% - 0:41
44 Defense
1 - 49% - 60% - 2:27
2 - 51% - 40% - 2:33
Last Minute Offensive  - 0:00
Last Minute Defensive  - 0:00
Total
Forward - 65:00
Defense - 65:00

Play by Play

1st period


0:01 of 1st period - Zach Sill wins face-off versus Peter Regin in neutral zone.
0:22 of 1st period - Bruno Gervais is hit by Dylan Reese and loses puck.
0:33 of 1st period - Snap shot by Damien Brunner.
0:33 of 1st period - Deflect By Peter Regin.
0:33 of 1st period - Stopped by Pat Nagle with a rebound.
0:47 of 1st period - Snap shot by William Nylander.
0:47 of 1st period - Stopped by Pat Nagle with a rebound.
0:53 of 1st period - Matt Taormina is hit by Bruno Gervais and loses puck.
1:15 of 1st period - Wrist shot by Justin Shugg.
1:15 of 1st period - Deflect By Brandon Kozun.
1:15 of 1st period - Stopped by Peter Budaj with a rebound.
1:31 of 1st period - Snap shot by Paul Thompson.
1:31 of 1st period - Stopped by Peter Budaj without a rebound.
1:32 of 1st period - Paul Thompson wins face-off versus Adam Payerl in Griffins zone.
1:57 of 1st period - Snap shot by Miikka Salomaki.
1:57 of 1st period - Shot Blocked by Taylor Aronson.
2:19 of 1st period - Minor Penalty to Steven Delisle for Tripping.
2:20 of 1st period - Peter Regin wins face-off versus Zach Sill in Stars zone.
3:09 of 1st period - Snap shot by Mike Angelidis.
3:09 of 1st period - Stopped by Pat Nagle with a rebound.
3:11 of 1st period - Snap shot by Taylor Aronson.
3:11 of 1st period - Shot Blocked by Bruno Gervais.
3:13 of 1st period - Slapshot by Mike Angelidis.
3:13 of 1st period - Shot Misses the Net.
3:15 of 1st period - Wrist shot by Mike Angelidis.
3:15 of 1st period - Shot Blocked by Bruno Gervais.
3:17 of 1st period - Slapshot by Dylan Reese.
3:17 of 1st period - Shot Blocked by Paul Thompson.
3:19 of 1st period - Wrist shot by T.J. Hensick.
3:19 of 1st period - Shot Misses the Net.
3:33 of 1st period - Zach Sill is hit by Peter Regin and loses puck.
4:19 of 1st period - Penalty to Steven Delisle is over, Steven Delisle is back on ice.
4:25 of 1st period - Mike Angelidis is hit by Cameron Gaunce and loses puck.
4:44 of 1st period - Wrist shot by Justin Shugg.
4:44 of 1st period - Stopped by Peter Budaj without a rebound.
4:45 of 1st period - Paul Thompson wins face-off versus Corey Trivino in Griffins zone.
5:04 of 1st period - Peter Regin is hit by Alexandre Grenier and loses puck.
5:29 of 1st period - Wrist shot by Adam Payerl.
5:29 of 1st period - Shot Misses the Net.
5:31 of 1st period - Slapshot by Mark Alt.
5:31 of 1st period - Deflect By Damien Brunner.
5:31 of 1st period - Stopped by Pat Nagle with a rebound.
5:33 of 1st period - Slapshot by Taylor Aronson.
5:33 of 1st period - Shot Blocked by Brent Sopel.
5:35 of 1st period - Snap shot by Mark Alt.
5:35 of 1st period - Deflect By Damien Brunner.
5:35 of 1st period - Shot Misses the Net.
5:35 of 1st period - Puck is out of play.
5:36 of 1st period - Adam Payerl wins face-off versus Brandon Kozun in Stars zone.
6:28 of 1st period - Snap shot by Rocco Grimaldi.
6:28 of 1st period - Stopped by Peter Budaj with a rebound.
8:13 of 1st period - Matt Taormina is hit by John Albert and loses puck.
8:34 of 1st period - Peter Regin is hit by Steven Delisle and loses puck.
10:18 of 1st period - Minor Penalty to Brad Malone for Interference.
10:19 of 1st period - Zach Sill wins face-off versus Peter Regin in Stars zone.
10:32 of 1st period - Off-side.
10:33 of 1st period - Zach Sill wins face-off versus Peter Regin in neutral zone.
10:42 of 1st period - Damien Brunner is hit by Bruno Gervais and loses puck.
11:27 of 1st period - Wrist shot by Mike Angelidis.
11:27 of 1st period - Shot Misses the Net.
11:29 of 1st period - Slapshot by Dylan Reese.
11:29 of 1st period - Shot Misses the Net.
11:31 of 1st period - Slapshot by Dylan Reese.
11:31 of 1st period - Stopped by Pat Nagle with a rebound.
11:59 of 1st period - Ben Eager is hit by Steven Delisle and loses puck.
12:18 of 1st period - Penalty to Brad Malone is over, Brad Malone is back on ice.
12:51 of 1st period - Wrist shot by Mike Keenan.
12:51 of 1st period - Deflect By Corey Trivino.
12:51 of 1st period - Shot Misses the Net.
12:51 of 1st period - Puck is out of play.
12:52 of 1st period - Corey Trivino wins face-off versus Zach Sill in Stars zone.
13:31 of 1st period - Miikka Salomaki is hit by William Nylander and loses puck.
13:56 of 1st period - Bruno Gervais is hit by Adam Payerl and loses puck.
14:05 of 1st period - Minor Penalty to Justin Shugg for Roughing.
14:06 of 1st period - Zach Sill wins face-off versus T.J. Hensick in Stars zone.
14:06 of 1st period - Zach Sill is hit by Mike Angelidis.
14:52 of 1st period - Wrist shot by Paul Thompson.
14:52 of 1st period - Stopped by Peter Budaj with a rebound.
15:35 of 1st period - Bruno Gervais is hit by Peter Regin and loses puck.
16:05 of 1st period - Penalty to Justin Shugg is over, Justin Shugg is back on ice.
16:20 of 1st period - Backhand shot by Corey Trivino.
16:20 of 1st period - Deflect By Jason Williams.
16:20 of 1st period - Shot Blocked by Bruno Gervais.
16:20 of 1st period - Puck is out of play.
16:21 of 1st period - Corey Trivino wins face-off versus Brandon Kozun in Stars zone.
17:14 of 1st period - Slapshot by Damien Brunner.
17:14 of 1st period - Stopped by Pat Nagle with a rebound.
17:16 of 1st period - Slapshot by Matt Taormina.
17:16 of 1st period - Shot Blocked by Steven Delisle.
17:18 of 1st period - Wrist shot by Damien Brunner.
17:18 of 1st period - Goal by Damien Brunner - Stars : 0 - Griffins : 1.
17:19 of 1st period - Brandon Kozun wins face-off versus Peter Regin in neutral zone.
17:36 of 1st period - Wrist shot by Brandon Kozun.
17:36 of 1st period - Stopped by Peter Budaj with a rebound.
18:22 of 1st period - Corey Trivino is hit by Paul Thompson and loses puck.
19:05 of 1st period - Wrist shot by Zach Sill.
19:05 of 1st period - Shot Blocked by Taylor Aronson.
19:07 of 1st period - Slapshot by Steven Delisle.
19:07 of 1st period - Stopped by Peter Budaj with a rebound.
19:09 of 1st period - Snap shot by Zach Sill.
19:09 of 1st period - Shot Blocked by Mark Alt.
19:34 of 1st period - Snap shot by Justin Shugg.
19:34 of 1st period - Stopped by Peter Budaj without a rebound.
19:35 of 1st period - T.J. Hensick wins face-off versus Paul Thompson in Griffins zone.
Goals for this period are 0 for Stars vs 1 for Griffins.
Shots for this period are 8 for Stars vs 7 for Griffins.

2nd period


0:01 of 2nd period - Zach Sill wins face-off versus Peter Regin in neutral zone.
0:09 of 2nd period - Zach Sill is hit by Dylan Reese and loses puck.
0:28 of 2nd period - Slapshot by Peter Regin.
0:28 of 2nd period - Stopped by Pat Nagle without a rebound.
0:29 of 2nd period - Mike Angelidis wins face-off versus Brandon Kozun in Stars zone.
0:40 of 2nd period - Brandon Kozun is hit by William Nylander and loses puck.
0:56 of 2nd period - Off-side.
0:57 of 2nd period - Zach Sill wins face-off versus Peter Regin in neutral zone.
2:00 of 2nd period - Snap shot by Mike Angelidis.
2:00 of 2nd period - Stopped by Pat Nagle with a rebound.
2:40 of 2nd period - Icing by Alexandre Grenier.
2:41 of 2nd period - Corey Trivino wins face-off versus Paul Thompson in Stars zone.
2:58 of 2nd period - Wrist shot by John Albert.
2:58 of 2nd period - Stopped by Peter Budaj with a rebound.
3:01 of 2nd period - Jared Staal beats up Steven Delisle.
3:01 of 2nd period - Penalty to Jared Staal for Fighting.
3:01 of 2nd period - Penalty to Steven Delisle for Fighting.
3:02 of 2nd period - T.J. Hensick wins face-off versus Zach Sill in Griffins zone.
3:24 of 2nd period - Zach Sill beats up Dylan Reese.
3:24 of 2nd period - Penalty to Dylan Reese for Fighting.
3:24 of 2nd period - Penalty to Zach Sill for Fighting.
3:25 of 2nd period - Rocco Grimaldi wins face-off versus Peter Regin in Stars zone.
4:11 of 2nd period - Matt Taormina is hit by Bruno Gervais and loses puck.
4:26 of 2nd period - T.J. Hensick is hit by Justin Shugg.
4:30 of 2nd period - Mike Angelidis is hit by Bruno Gervais and loses puck.
4:46 of 2nd period - Brandon Kozun is hit by Mike Angelidis and loses puck.
5:05 of 2nd period - John Albert is hit by Adam Payerl and loses puck.
5:41 of 2nd period - Snap shot by Corey Trivino.
5:41 of 2nd period - Stopped by Pat Nagle without a rebound.
5:42 of 2nd period - Corey Trivino wins face-off versus Rocco Grimaldi in Stars zone.
6:38 of 2nd period - Wrist shot by Miikka Salomaki.
6:38 of 2nd period - Stopped by Peter Budaj with a rebound.
6:40 of 2nd period - Slapshot by Brent Sopel.
6:40 of 2nd period - Shot Blocked by Scott Valentine.
6:42 of 2nd period - Slapshot by Brent Sopel.
6:42 of 2nd period - Shot Blocked by Mark Mancari.
6:44 of 2nd period - Slapshot by Brent Sopel.
6:44 of 2nd period - Shot Blocked by Scott Valentine.
6:46 of 2nd period - Slapshot by Alexandre Grenier.
6:46 of 2nd period - Shot Misses the Net.
6:50 of 2nd period - Snap shot by Paul Thompson.
6:50 of 2nd period - Shot Misses the Net.
6:52 of 2nd period - Slapshot by Paul Thompson.
6:52 of 2nd period - Shot Blocked by Corey Trivino.
6:54 of 2nd period - Snap shot by Alexandre Grenier.
6:54 of 2nd period - Shot Misses the Net.
7:26 of 2nd period - Corey Trivino is hit by Brad Malone.
8:02 of 2nd period - Snap shot by Brandon Kozun.
8:02 of 2nd period - Stopped by Peter Budaj with a rebound.
8:22 of 2nd period - Alexandre Grenier is hit by Mike Angelidis.
8:26 of 2nd period - Snap shot by Paul Thompson.
8:26 of 2nd period - Stopped by Peter Budaj without a rebound.
8:27 of 2nd period - Paul Thompson wins face-off versus Adam Payerl in Griffins zone.
8:28 of 2nd period - Wrist shot by Miikka Salomaki.
8:28 of 2nd period - Stopped by Peter Budaj with a rebound.
8:30 of 2nd period - Backhand shot by Cameron Gaunce.
8:30 of 2nd period - Deflect By Paul Thompson.
8:30 of 2nd period - Goal by Paul Thompson - Stars : 1 - Griffins : 1.
8:31 of 2nd period - Zach Sill wins face-off versus Adam Payerl in neutral zone.
8:38 of 2nd period - Snap shot by Jason Williams.
8:38 of 2nd period - Shot Misses the Net.
8:50 of 2nd period - Slapshot by Damien Brunner.
8:50 of 2nd period - Shot Misses the Net.
9:14 of 2nd period - Minor Penalty to Alexandre Grenier for Holding.
9:15 of 2nd period - T.J. Hensick wins face-off versus Zach Sill in Stars zone.
9:39 of 2nd period - Slapshot by William Nylander.
9:39 of 2nd period - Stopped by Pat Nagle with a rebound.
9:41 of 2nd period - Wrist shot by Mike Angelidis.
9:41 of 2nd period - Stopped by Pat Nagle with a rebound.
9:43 of 2nd period - Snap shot by Mike Angelidis.
9:43 of 2nd period - Stopped by Pat Nagle without a rebound.
9:44 of 2nd period - Zach Sill wins face-off versus Peter Regin in Stars zone.
10:30 of 2nd period - Paul Thompson is hit by Taylor Aronson and loses puck.
10:35 of 2nd period - Snap shot by Mike Angelidis.
10:35 of 2nd period - Stopped by Pat Nagle with a rebound.
10:37 of 2nd period - Wrist shot by Mike Angelidis.
10:37 of 2nd period - Shot Misses the Net.
11:14 of 2nd period - Penalty to Alexandre Grenier is over, Alexandre Grenier is back on ice.
12:58 of 2nd period - Snap shot by Zach Sill.
12:58 of 2nd period - Shot Misses the Net.
13:00 of 2nd period - Slapshot by Brent Sopel.
13:00 of 2nd period - Stopped by Peter Budaj with a rebound.
13:02 of 2nd period - Snap shot by Jason Williams.
13:02 of 2nd period - Shot Blocked by Matt Taormina.
13:18 of 2nd period - Wrist shot by Brandon Kozun.
13:18 of 2nd period - Stopped by Peter Budaj without a rebound.
13:19 of 2nd period - Corey Trivino wins face-off versus Brandon Kozun in Griffins zone.
13:28 of 2nd period - Justin Shugg is hit by Scott Valentine and loses puck.
13:36 of 2nd period - Off-side.
13:37 of 2nd period - Corey Trivino wins face-off versus Paul Thompson in neutral zone.
13:49 of 2nd period - Icing by Steven Delisle.
13:50 of 2nd period - Adam Payerl wins face-off versus Miikka Salomaki in Stars zone.
13:59 of 2nd period - Dylan Reese is hit by Alexandre Grenier and loses puck.
14:55 of 2nd period - Mike Angelidis is hit by Brent Sopel and loses puck.
15:04 of 2nd period - Wrist shot by Justin Shugg.
15:04 of 2nd period - Stopped by Peter Budaj with a rebound.
15:13 of 2nd period - Snap shot by Brandon Kozun.
15:13 of 2nd period - Deflect By Mike Angelidis.
15:13 of 2nd period - Shot Blocked by Mike Angelidis.
15:13 of 2nd period - Puck is out of play.
15:14 of 2nd period - Zach Sill wins face-off versus Corey Trivino in Griffins zone.
15:33 of 2nd period - Slapshot by Jared Staal.
15:33 of 2nd period - Shot Misses the Net.
15:39 of 2nd period - Slapshot by Peter Regin.
15:39 of 2nd period - Shot Misses the Net.
15:41 of 2nd period - Wrist shot by Jared Staal.
15:41 of 2nd period - Shot Misses the Net.
15:59 of 2nd period - Jason Williams is hit by John McFarland and loses puck.
16:18 of 2nd period - Zach Sill is hit by Peter Regin and loses puck.
16:47 of 2nd period - Paul Thompson is hit by Jared Staal and loses puck.
16:54 of 2nd period - Snap shot by Jared Staal.
16:54 of 2nd period - Shot Misses the Net.
17:16 of 2nd period - Slapshot by William Nylander.
17:16 of 2nd period - Shot Misses the Net.
17:34 of 2nd period - Steven Delisle is hit by Jared Staal and loses puck.
Goals for this period are 1 for Stars vs 0 for Griffins.
Shots for this period are 9 for Stars vs 7 for Griffins.

3rd period


0:01 of 3rd period - Peter Regin wins face-off versus Zach Sill in neutral zone.
0:04 of 3rd period - Bruno Gervais is hit by Peter Regin and loses puck.
0:19 of 3rd period - Snap shot by Damien Brunner.
0:19 of 3rd period - Shot Misses the Net.
0:37 of 3rd period - Mark Mancari is hit by Brad Malone and loses puck.
0:54 of 3rd period - William Nylander is hit by Justin Shugg and loses puck.
1:01 of 3rd period - William Nylander is hit by Bruno Gervais and loses puck.
1:08 of 3rd period - Slapshot by Taylor Aronson.
1:08 of 3rd period - Deflect By Mike Angelidis.
1:08 of 3rd period - Stopped by Pat Nagle with a rebound.
1:20 of 3rd period - Snap shot by William Nylander.
1:20 of 3rd period - Stopped by Pat Nagle without a rebound.
1:21 of 3rd period - Paul Thompson wins face-off versus Adam Payerl in Stars zone.
1:21 of 3rd period - Paul Thompson is hit by Damien Brunner.
1:35 of 3rd period - Wrist shot by Adam Payerl.
1:35 of 3rd period - Shot Blocked by Miikka Salomaki.
2:09 of 3rd period - Wrist shot by Jason Williams.
2:09 of 3rd period - Shot Blocked by Dylan Reese.
2:34 of 3rd period - Snap shot by Rocco Grimaldi.
2:34 of 3rd period - Stopped by Peter Budaj with a rebound.
2:52 of 3rd period - Snap shot by John Albert.
2:52 of 3rd period - Stopped by Peter Budaj with a rebound.
2:54 of 3rd period - Snap shot by John Albert.
2:54 of 3rd period - Stopped by Peter Budaj without a rebound.
2:55 of 3rd period - T.J. Hensick wins face-off versus Brandon Kozun in Griffins zone.
3:14 of 3rd period - Slapshot by Justin Shugg.
3:14 of 3rd period - Stopped by Peter Budaj with a rebound.
3:16 of 3rd period - Slapshot by John Albert.
3:16 of 3rd period - Shot Blocked by Mike Angelidis.
3:28 of 3rd period - Zac Dalpe is hit by T.J. Hensick and loses puck.
3:38 of 3rd period - Icing by Mark Alt.
3:39 of 3rd period - T.J. Hensick wins face-off versus Zach Sill in Griffins zone.
3:44 of 3rd period - Zac Dalpe is hit by Mike Angelidis and loses puck.
4:19 of 3rd period - Corey Trivino is hit by Paul Thompson and loses puck.
4:35 of 3rd period - Off-side.
4:36 of 3rd period - Peter Regin wins face-off versus Brandon Kozun in neutral zone.
5:28 of 3rd period - Taylor Aronson is hit by Steven Delisle and loses puck.
6:28 of 3rd period - Mark Mancari is hit by Rocco Grimaldi.
6:32 of 3rd period - Wrist shot by Damien Brunner.
6:32 of 3rd period - Shot Misses the Net.
7:03 of 3rd period - Brandon Kozun is hit by Taylor Aronson and loses puck.
7:12 of 3rd period - Snap shot by Brandon Kozun.
7:12 of 3rd period - Stopped by Peter Budaj with a rebound.
7:14 of 3rd period - Wrist shot by Justin Shugg.
7:14 of 3rd period - Shot Misses the Net.
7:30 of 3rd period - Wrist shot by Zach Sill.
7:30 of 3rd period - Shot Misses the Net.
8:01 of 3rd period - Mark Mancari is hit by Brent Sopel and loses puck.
9:33 of 3rd period - Brandon Kozun is hit by Mark Alt and loses puck.
10:02 of 3rd period - Snap shot by Zach Sill.
10:02 of 3rd period - Shot Misses the Net.
10:04 of 3rd period - Slapshot by Cameron Gaunce.
10:04 of 3rd period - Deflect By Dylan Reese.
10:04 of 3rd period - Stopped by Peter Budaj with a rebound.
10:06 of 3rd period - Slapshot by Steven Delisle.
10:06 of 3rd period - Shot Misses the Net.
10:42 of 3rd period - Snap shot by Jason Williams.
10:42 of 3rd period - Shot Hit the Post.
11:32 of 3rd period - Adam Payerl is hit by Justin Shugg and loses puck.
12:39 of 3rd period - Slapshot by Jason Williams.
12:39 of 3rd period - Shot Blocked by Taylor Aronson.
12:41 of 3rd period - Slapshot by Paul Thompson.
12:41 of 3rd period - Stopped by Peter Budaj with a rebound.
12:43 of 3rd period - Wrist shot by Jason Williams.
12:43 of 3rd period - Shot Misses the Net.
13:41 of 3rd period - Icing by Cameron Gaunce.
13:42 of 3rd period - Jason Williams wins face-off versus Peter Regin in Stars zone.
14:14 of 3rd period - Peter Regin is hit by Zach Sill and loses puck.
14:21 of 3rd period - Steven Delisle is hit by Peter Regin and loses puck.
15:01 of 3rd period - Mike Keenan is hit by Justin Shugg and loses puck.
15:38 of 3rd period - Off-side.
15:39 of 3rd period - Brandon Kozun wins face-off versus Peter Regin in neutral zone.
15:58 of 3rd period - Wrist shot by Brandon Kozun.
15:58 of 3rd period - Stopped by Peter Budaj with a rebound.
16:05 of 3rd period - Icing by Mark Mancari.
16:06 of 3rd period - Jason Williams wins face-off versus Peter Regin in Griffins zone.
16:25 of 3rd period - Snap shot by Damien Brunner.
16:25 of 3rd period - Shot Misses the Net.
16:45 of 3rd period - Wrist shot by Damien Brunner.
16:45 of 3rd period - Shot Blocked by Jason Williams.
16:47 of 3rd period - Slapshot by Mark Alt.
16:47 of 3rd period - Deflect By Damien Brunner.
16:47 of 3rd period - Shot Blocked by Brent Sopel.
16:47 of 3rd period - Puck is out of play.
16:48 of 3rd period - John Albert wins face-off versus Adam Payerl in Stars zone.
16:57 of 3rd period - Wrist shot by John Albert.
16:57 of 3rd period - Shot Misses the Net.
17:35 of 3rd period - Steven Delisle is hit by Dylan Reese and loses puck.
18:04 of 3rd period - Alexandre Grenier is hit by William Nylander and loses puck.
18:17 of 3rd period - Miikka Salomaki is hit by William Nylander.
19:19 of 3rd period - Rocco Grimaldi is hit by Mike Angelidis and loses puck.
19:38 of 3rd period - T.J. Hensick is hit by Zach Sill and loses puck.
Goals for this period are 0 for Stars vs 0 for Griffins.
Shots for this period are 8 for Stars vs 2 for Griffins.

Overtime #1


0:01 of 1st overtime period - Damien Brunner wins face-off versus Zach Sill in neutral zone.
0:04 of 1st overtime period - Wrist shot by Peter Regin.
0:04 of 1st overtime period - Shot Misses the Net.
0:32 of 1st overtime period - Snap shot by Damien Brunner.
0:32 of 1st overtime period - Deflect By Peter Regin.
0:32 of 1st overtime period - Shot Misses the Net.
0:32 of 1st overtime period - Puck is out of play.
0:33 of 1st overtime period - Zach Sill wins face-off versus Damien Brunner in Stars zone.
0:44 of 1st overtime period - Damien Brunner is hit by Brent Sopel and loses puck.
1:05 of 1st overtime period - Wrist shot by Damien Brunner.
1:05 of 1st overtime period - Shot Misses the Net.
1:12 of 1st overtime period - Snap shot by Zach Sill.
1:12 of 1st overtime period - Stopped by Peter Budaj with a rebound.
1:14 of 1st overtime period - Snap shot by Brent Sopel.
1:14 of 1st overtime period - Stopped by Peter Budaj with a rebound.
1:26 of 1st overtime period - Brent Sopel is hit by Damien Brunner and loses puck.
1:33 of 1st overtime period - Damien Brunner is hit by Brent Sopel and loses puck.
2:02 of 1st overtime period - Snap shot by Dylan Reese.
2:02 of 1st overtime period - Stopped by Pat Nagle with a rebound.
2:14 of 1st overtime period - Wrist shot by Jared Staal.
2:14 of 1st overtime period - Stopped by Pat Nagle with a rebound.
2:20 of 1st overtime period - Snap shot by Jared Staal.
2:20 of 1st overtime period - Shot Blocked by Derrick Pouliot.
2:51 of 1st overtime period - John Albert is hit by Dylan Reese and loses puck.
3:14 of 1st overtime period - Nick Jones is hit by Ben Eager and loses puck.
3:25 of 1st overtime period - Mark Alt is hit by Nick Jones and loses puck.
3:50 of 1st overtime period - Zac Dalpe is hit by Mark Mancari and loses puck.
4:17 of 1st overtime period - Slapshot by Mike Angelidis.
4:17 of 1st overtime period - Shot Blocked by Nick Jones.
4:19 of 1st overtime period - Snap shot by Mark Alt.
4:19 of 1st overtime period - Shot Blocked by Nick Jones.
4:29 of 1st overtime period - Mark Alt is hit by Brent Sopel and loses puck.
4:45 of 1st overtime period - Mark Alt is hit by Zac Dalpe and loses puck.
Goals for this period are 0 for Stars vs 0 for Griffins.
Shots for this period are 2 for Stars vs 2 for Griffins.

ShootOut


5:00 of 1st overtime period - Penalty Shot by Rocco Grimaldi for Stars.
5:00 of 1st overtime period - Deke by Rocco Grimaldi.
5:00 of 1st overtime period - Stopped by Peter Budaj.
5:00 of 1st overtime period - Penalty Shot by Damien Brunner for Griffins.
5:00 of 1st overtime period - Deke by Damien Brunner.
5:00 of 1st overtime period - Stopped by Pat Nagle.
5:00 of 1st overtime period - Penalty Shot by Brad Malone for Stars.
5:00 of 1st overtime period - Snap shot by Brad Malone.
5:00 of 1st overtime period - Stopped by Peter Budaj.
5:00 of 1st overtime period - Penalty Shot by Peter Regin for Griffins.
5:00 of 1st overtime period - Wrist shot by Peter Regin.
5:00 of 1st overtime period - Stopped by Pat Nagle.
5:00 of 1st overtime period - Penalty Shot by Zach Sill for Stars.
5:00 of 1st overtime period - Snap shot by Zach Sill.
5:00 of 1st overtime period - Stopped by Peter Budaj.
5:00 of 1st overtime period - Penalty Shot by Mark Mancari for Griffins.
5:00 of 1st overtime period - Wrist shot by Mark Mancari.
5:00 of 1st overtime period - Stopped by Pat Nagle.
5:00 of 1st overtime period - Penalty Shot by Zac Dalpe for Stars.
5:00 of 1st overtime period - Wrist shot by Zac Dalpe.
5:00 of 1st overtime period - Goal by Zac Dalpe.
5:00 of 1st overtime period - Penalty Shot by Mike Angelidis for Griffins.
5:00 of 1st overtime period - Wrist shot by Mike Angelidis.
5:00 of 1st overtime period - Goal by Mike Angelidis.
5:00 of 1st overtime period - Penalty Shot by Brandon Kozun for Stars.
5:00 of 1st overtime period - Deke by Brandon Kozun.
5:00 of 1st overtime period - Stopped by Peter Budaj.
5:00 of 1st overtime period - Penalty Shot by T.J. Hensick for Griffins.
5:00 of 1st overtime period - Snap shot by T.J. Hensick.
5:00 of 1st overtime period - Stopped by Pat Nagle.
5:00 of 1st overtime period - Penalty Shot by Paul Thompson for Stars.
5:00 of 1st overtime period - Deke by Paul Thompson.
5:00 of 1st overtime period - Shot Misses the Net.
5:00 of 1st overtime period - Penalty Shot by William Nylander for Griffins.
5:00 of 1st overtime period - Snap shot by William Nylander.
5:00 of 1st overtime period - Goal by William Nylander.